 Dungeon Crawl Stone Soup version 0.23-a0-350-g6fd5563 (webtiles) character file.

921 GizzardofKazz the Fighter (level 8, 0/89 HPs)
             Began as an Ogre Hunter on Oct 21, 2018.
             Slain by a killer bee zombie (3 damage)
             ... on level 6 of the Dungeon.
             The game lasted 00:35:14 (7346 turns).

GizzardofKazz the Fighter (Ogre Hunter)             Turns: 7346, Time: 00:35:15

Health: 0/89       AC:  4    Str: 24    XL:     8   Next: 10%
Magic:  8/8        EV: 10    Int: 12    God:
Gold:   77         SH:  0    Dex:  9    Spells: 7/7 levels left

rFire    . . .     SeeInvis .   q - +0 giant club
rCold    . . .     Gourm    .   (shield currently unavailable)
rNeg     . . .     Faith    .   b - +0 robe
rPois    .         Spirit   .   (helmet restricted)
rElec    .         Reflect  .   e - +0 cloak
rCorr    .         Harm     .   (gloves unavailable)
MR       .....                  (boots unavailable)
Stlth    +.........             (no amulet)
HPRegen  0.24/turn              (no ring)
MPRegen  0.11/turn              (no ring)

@: mighty, lethally poisoned (0 -> -2)
A: large, unfitting armour, tough skin 1
a: no special abilities


You were on level 6 of the Dungeon.
You were hungry.

You visited 1 branch of the dungeon, and saw 6 of its levels.

You collected 239 gold pieces.
You spent 162 gold pieces at shops.

Inventory:

Hand Weapons
 j - a +0 whip
 q - a +0 giant club (weapon)
Missiles
 k - 64 stones (quivered)
 p - 2 tomahawks
 x - 3 large rocks
Armour
 b - a +0 robe (worn)
 e - a +0 cloak (worn)
Wands
 d - a wand of enslavement (14)
Scrolls
 a - 6 scrolls of remove curse
 c - a scroll of teleportation
 g - a scroll of amnesia
 m - 2 scrolls of immolation
 n - a scroll of magic mapping
 s - 2 scrolls of enchant weapon
 v - 3 scrolls of fear
Potions
 h - a potion of haste {unknown}
 i - 2 potions of mutation {unknown}
 l - a potion of berserk rage {unknown}
 r - a potion of brilliance {unknown}
 t - a potion of degeneration {unknown}
 u - a potion of might
Comestibles
 f - 12 rations


   Skills:
 + Level 8.7 Fighting
 + Level 7.5 Throwing
 - Level 1.7 Dodging
 - Level 0.6 Stealth


You had 7 spell levels left.
You didn't know any spells.
Your spell library contained the following spells:

 Spells                   Type           Power        Failure   Level  Hunger
 Animate Skeleton         Necr           N/A          32%         1    ##.....
 Freeze                   Ice            #...         32%         1    ##.....
 Pain                     Necr           #...         32%         1    ##.....
 Throw Frost              Conj/Ice       #.....       45%         2    ###....
 Ozocubu's Armour         Chrm/Ice       #.......     69%         3    ####...
 Regeneration             Chrm/Necr      #.........   69%         3    ####...
 Vampiric Draining        Necr           #.........   69%         3    ####...
 Animate Dead             Necr           N/A          97%         4    #####..
 Summon Ice Beast         Ice/Summ       #.......     97%         4    #####..
 Throw Icicle             Conj/Ice       #.......     97%         4    #####..


Dungeon Overview and Level Annotations

Branches:
Dungeon (6/15)
 Temple: D:4-7

Altars:
Cheibriados
Gozag
Trog
Vehumet
Zin

Shops:
D:4 *   D:5 ?

Annotations:
D:6 Dowan, Duvessa


Innate Abilities, Weirdness & Mutations

You are too large for most types of armour.
You have tough skin. (AC +1)


Message History

You feel sick.
You feel sick.
You feel sick.
You feel sick.
You feel sick.
You feel sick.
You feel sick.
The orc wizard shouts!
The killer bee zombie hits you but does no damage.
You feel sick. The killer bee zombie misses you.
You hear a shout!
The killer bee zombie hits you!
* * * LOW HITPOINT WARNING * * *
Wield which item (- for none, * to show all)? (? for menu, Esc to quit)
Okay, then.
It was a potion of might.
You feel very mighty all of a sudden.
* * * LOW HITPOINT WARNING * * *
You feel sick. The killer bee zombie hits you.
You die...

#.#....#....## .# . #'#(...#....#
.# .)#..........#
............####.#...#..........#
o..#.................'..........
..e#............#### #........##
...#............# #.........#
...#...(........######.........##
...#(...................(......'.
{e..............@Z.............#.
.o(.(##....<...o.................
.o...##........................#.
..............................##
#.####.......o##...............#.
.. ..........####...............
#............# #.........##..#.
....##.##.... #.........#..##
.... #. #..... ........#...


You could see an orc wizard, an orc and a killer bee zombie.

Vanquished Creatures
  A phantom (D:5)
  An ogre (D:5)
  A water moccasin zombie (D:5)
  3 crimson imps
  A jelly (D:5)
  2 bullfrog skeletons (D:4)
  A hound (D:4)
  4 orc priests
  An orc wizard (D:5)
  An iguana (D:3)
  2 worker ants
  7 adders
  3 oozes
  2 adder skeletons (D:4)
  4 worms
  A dart slug (D:3)
  2 leopard geckos
  13 orcs
  A ball python (D:2)
  7 giant cockroaches
  7 goblins
  8 hobgoblins
  3 jackals (D:5)
  7 kobolds
  2 quokkas
  9 bats
  5 frilled lizards
  A jackal zombie (D:5)
  9 rats
  2 withered plants (D:3)
111 creatures vanquished.

Vanquished Creatures (collateral kills)
  A centaur (D:5)
1 creature vanquished.

Grand Total: 112 creatures vanquished

Notes
Turn   | Place    | Note
-------+----------+-------------------------------------------
     0 | D:1      | GizzardofKazz the Ogre Hunter began the quest for the Orb.
     0 | D:1      | Reached XP level 1. HP: 22/22 MP: 1/1
   104 | D:1      | Reached skill level 3 in Fighting
   200 | D:1      | Reached XP level 2. HP: 31/31 MP: 2/2
   623 | D:1      | Reached XP level 3. HP: 8/39 MP: 3/3
  1186 | D:2      | Reached skill level 4 in Fighting
  1664 | D:2      | Found a glowing silver altar of Zin.
  1905 | D:3      | Reached XP level 4. HP: 48/48 MP: 4/4
  2228 | D:3      | Reached skill level 5 in Throwing
  2772 | D:3      | Reached skill level 5 in Fighting
  2772 | D:3      | Reached XP level 5. HP: 57/57 MP: 5/5
  4233 | D:4      | Reached XP level 6. HP: 58/67 MP: 6/6
  4278 | D:4      | Reached skill level 6 in Fighting
  4460 | D:4      | Found Gozag's Platinum Reserve.
  4655 | D:4      | Found an opulent altar of Gozag.
  5039 | D:4      | Found a bloodstained altar of Trog.
  5368 | D:5      | Entered Level 5 of the Dungeon
  5377 | D:5      | Noticed a phantom
  5489 | D:5      | Killed a phantom
  5489 | D:5      | Reached skill level 7 in Fighting
  5489 | D:5      | Reached XP level 7. HP: 71/78 MP: 7/7
  5752 | D:5      | Found a snail-covered altar of Cheibriados.
  5852 | D:5      | Found Coit's Magic Scroll Emporium.
  5855 | D:5      | Reached skill level 8 in Fighting
  5862 | D:5      | Bought a scroll of summoning for 114 gold pieces
  5862 | D:5      | Bought a scroll of identify for 24 gold pieces
  5862 | D:5      | Bought a scroll of identify for 24 gold pieces
  6205 | D:5      | HP: 3/80 [centaur/arrow (2)]
  6221 | D:5      | Reached XP level 8. HP: 10/89 MP: 8/8
  7313 | D:6      | Noticed Dowan
  7325 | D:6      | Noticed Duvessa
  7328 | D:6      | Found a radiant altar of Vehumet.
  7345 | D:6      | HP: 3/89 [killer bee zombie (7)]
  7346 | D:6      | Slain by a killer bee zombie

Vault maps used:
D:1:      psy_arrival_spokes, minmay_pentomino_q4
D:2:      nicolae_overflow_crystal_walls
D:3:      serial_undead, serial_undead_f, serial_undead_d, serial_undead_b,
          serial_undead_e, kennysheep_generic_room_3
D:4:      bloody_trog, nicolae_gozag_zags_fifth_avenue,
          chequers_serial_rivers_small_b
D:5:      first_ration, basic_altar, serial_shops, shop_fountains
D:6:      vehumet_crystals, demons_altar, minmay_temple_entry_glass,
          uniq_duvessa

Skill      XL: |  1  2  3  4  5  6  7 |
---------------+----------------------+-----
Fighting       | 3 4 5 7 8 |  8.7
Throwing       | 5 6 7 |  7.5
Dodging        | |  1.7
Stealth        | |  0.6

Action                   |  1- 3 |  4- 6 |  7- 9 || total
-------------------------+-------+-------+-------++-------
Melee: Club              |    98 |       |       ||    98
       Short sword       |     7 |       |       ||     7
       Whip              |       |   277 |     3 ||   280
       Giant club        |       |       |    44 ||    44
Throw: Large rock        |    23 |    31 |     5 ||    59
       Throwing net      |     2 |       |       ||     2
       Stone             |    42 |   162 |   111 ||   315
       Tomahawk          |       |     2 |       ||     2
  Use: Scroll            |       |       |    10 ||    10
       Potion            |       |       |     4 ||     4
  Eat: Chunk             |     3 |    11 |     6 ||    20
Armor: Robe              |    86 |    70 |    18 ||   174
Dodge: Dodged            |   113 |   148 |    48 ||   309

Table legend:
 A = Non-vault XP
 B = Vault XP
 C = Vault XP percentage of total XP
 D = Non-vault monster count
 E = Vault monster count
 F = Vault count percentage of total count
                 A         B        C        D         E       F
            +---------+---------+-------+---------+---------+-------
      Total |    1296 |      21 |   1.6 |     104 |       6 |   5.5
            +---------+---------+-------+---------+---------+-------
        D:1 |      43 |       7 |  14.0 |      23 |       4 |  14.8
        D:2 |      32 |       0 |   0.0 |      11 |       0 |   0.0
        D:3 |     131 |      14 |   9.7 |      30 |       2 |   6.2
        D:4 |     345 |       0 |   0.0 |      20 |       0 |   0.0
        D:5 |     743 |       0 |   0.0 |      19 |       0 |   0.0
        D:6 |       2 |       0 |   0.0 |       1 |       0 |   0.0
            +---------+---------+-------+---------+---------+-------
